 Dungeon Crawl Stone Soup version 0.29-a0-330-g52719c12eb (webtiles) character file.

Game seed: 10867221000810139413

93 Anon1729 the Bolt Thrower (level 4, -6/42 HPs)
             Began as a Kobold Hunter on May 28, 2022.
             Mangled by a gnoll
             ... wielding a +0 halberd
              (12 damage)
             ... on level 2 of the Dungeon.
             The game lasted 00:02:02 (1839 turns).

Anon1729 the Bolt Thrower (Kobold Hunter)           Turns: 1839, Time: 00:02:03

Health: -6/42      AC: 22    Str:  8    XL:     4   Next: 91%
Magic:  4/4        EV:  3    Int: 10    God:
Gold:   87         SH:  0    Dex: 20    Spells: 3/3 levels left

rFire   . . .      SeeInvis .   a - +1 hand crossbow
rCold   . . .      Faith    .   (no shield)
rNeg    . . .      Spirit   .   (body armour currently unavailable)
rPois   +          Reflect  .   (helmet currently unavailable)
rElec   .          Harm     .   (cloak currently unavailable)
rCorr   .          Rampage  .   (gloves currently unavailable)
Will    .....      NoTele   +   (boots currently unavailable)
Stlth   ++++......              (no amulet)
HPRegen 0.14/turn               (no ring)
MPRegen 0.09/turn               (no ring)

@: tree-form (expiring), very slow
A: stationary, stasis, torment immunity, boosted hp, small, no large weapons,
nightstalker 3
a: no special abilities


You were on level 2 of the Dungeon.
You were a tree.
You visited 1 branch of the dungeon, and saw 2 of its levels.

You collected 87 gold pieces.

Inventory:

Hand Weapons
 a - a +1 hand crossbow (weapon)
 n - a +1 short sword of flaming
Armour
 b - a +0 leather armour (melded)
Magical Staves
 k - a staff of poison
Scrolls
 c - a scroll of immolation
 d - a scroll of teleportation {unknown}
 e - a scroll of noise {unknown}
 g - 3 scrolls of identify {unknown}
 l - a scroll of magic mapping {unknown}
 m - a scroll of enchant weapon {unknown}
Potions
 f - a potion of curing {unknown}
 h - a potion of lignification
 i - a potion of degeneration {unknown}
 j - 2 potions of magic {unknown}


   Skills:
 + Level 3.2 Fighting
 + Level 6.1 Crossbows
 + Level 3.4 Dodging
 + Level 3.1 Stealth


You had 3 spell levels left.
You didn't know any spells.
Your spell library contained the following spells:

 Spells                   Type           Power      Damage    Failure   Level
 Chain Lightning          Conj/Air       0%         N/A       100%        9
 Fire Storm               Conj/Fire      0%         5d1       100%        9
 Shatter                  Erth           0%         3d5*      100%        9


Dungeon Overview and Level Annotations

Branches:
Dungeon (2/15)

Altars:


Innate Abilities, Weirdness & Mutations

You are a tree.
Your roots penetrate the ground, keeping you stationary.
You cannot be teleported.
You are immune to unholy pain and torment.
Your maximum health is greatly increased.
Your equipment is partially melded.
You are small and have problems with some larger weapons.
You are completely attuned to the shadows.


Message History

Aim: a gnoll, wielding a +0 halberd (lightly wounded, 71% to hit)
You shoot a bolt. The bolt hits the gnoll!
You kill the gnoll!
The gnoll hits you from afar with a +0 halberd.
* * * LOW HITPOINT WARNING * * *
Shoot: a) +1 hand crossbow
Press: ? - help, Q - select action Shift-Dir - straight line, f/p - gnoll
Aim: a gnoll, wielding a +0 halberd (lightly wounded, 71% to hit)
You shoot a bolt. The bolt hits the gnoll.
The gnoll is lightly wounded.
Your transformation is almost over.
The gnoll barely misses you.
Shoot: a) +1 hand crossbow
Press: ? - help, Q - select action Shift-Dir - straight line, f/p - gnoll
Aim: a gnoll, wielding a +0 halberd (lightly wounded, 71% to hit)
You shoot a bolt. The bolt closely misses the gnoll.
The gnoll barely misses you.
Shoot: a) +1 hand crossbow
Press: ? - help, Q - select action Shift-Dir - straight line, f/p - gnoll
Aim: a gnoll, wielding a +0 halberd (lightly wounded, 71% to hit)
You shoot a bolt. The bolt barely misses the gnoll.
The gnoll barely misses you.
Shoot: a) +1 hand crossbow
Press: ? - help, Q - select action Shift-Dir - straight line, f/p - gnoll
Aim: a gnoll, wielding a +0 halberd (lightly wounded, 71% to hit)
You shoot a bolt. The bolt barely misses the gnoll.
The gnoll hits you from afar with a +0 halberd.
* * * LOW HITPOINT WARNING * * *
Shoot: a) +1 hand crossbow
Press: ? - help, Q - select action Shift-Dir - straight line, f/p - gnoll
Aim: a gnoll, wielding a +0 halberd (lightly wounded, 71% to hit)
You shoot a bolt. The bolt hits the gnoll.
The gnoll is moderately wounded.
The gnoll hits you but does no damage. x2
Shoot: a) +1 hand crossbow
Press: ? - help, Q - select action Shift-Dir - straight line, f/p - gnoll
Aim: a gnoll, wielding a +0 halberd (moderately wounded, 71% to hit)
You shoot a bolt. The bolt closely misses the gnoll.
The gnoll hits you from afar with a +0 halberd!
You die...

#........##.....##... ♣P.P.##
###...###≈≈≈≈......##..
♣...##
.......≈≈≈≈≈≈≈≈.....##P.PPP##
......≈≈≈≈≈≈≈≈≈.....# ...#
.####.≈≈≈≈≈≈≈≈≈≈.##.# ### .#
#...#####≈≈≈.##.# .# .#
###.#...#≈≈≈≈##.##.# .#
#.'._†#≈≈≈≈##..... .#
#≈#...#≈≈≈♣##..... .#
#≈#####≈≈≈≈)g..... .#
≈≈≈≈≈≈≈≈≈≈###..... ##
≈≈≈≈≈≈≈≈≈≈≈ #..... #
≈≈≈.....#... ###### .###)##.#
#....# #.# .# ..♣♣.# #.#
.♣♣P.♣


You could see a gnoll.

Vanquished Creatures
  3 gnolls (D:2)
  2 adders (D:2)
  A worm (D:2)
  A dart slug (D:1)
  8 bats
  5 endoplasms
  A giant cockroach (D:1)
  2 goblins (D:1)
  5 hobgoblins
  2 quokkas (D:1)
  3 ball pythons
  5 kobolds
  3 rats (D:1)
41 creatures vanquished.

Notes
Turn   | Place    | Note
-------+----------+-------------------------------------------
     0 | D:1      | Anon1729 the Kobold Hunter began the quest for the Orb.
     0 | D:1      | Reached XP level 1. HP: 12/12 MP: 1/1
   184 | D:1      | Reached XP level 2. HP: 17/18 MP: 2/2
   772 | D:1      | Reached XP level 3. HP: 22/22 MP: 3/3
  1329 | D:2      | Reached XP level 4. HP: 14/27 MP: 4/4
  1573 | D:2      | Found a faded altar of an unknown god.
  1813 | D:2      | Reached skill level 6 in Crossbows
  1839 | D:2      | Mangled by a gnoll

Illustrated notes

Levels and vault maps discovered:
D:1:      minmay_arrival_nine_rooms, layout_loops_cross, minmay_misc_feat_room
D:2:      layout_loops_ring, serial_forest, infiniplex_forest_clump_cross,
          infiniplex_forest_clump_small, infiniplex_forest_side_room,
          infiniplex_forest_end_2, infiniplex_forest_zigzag_1,
          nicolae_ecumenical_lake_church, kennysheep_generic_room_11

Skill      XL: |  1  2  3  4 |
---------------+-------------+-----
Stealth        | 2 3 |  3.1
Dodging        | 3 |  3.4
Fighting       | 3 |  3.2
Crossbows      | 6 |  6.1

Action                   |  1- 3 |  4- 6 || total
-------------------------+-------+-------++-------
 Fire: Hand crossbow     |    77 |    35 ||   112
  Use: Potion            |       |     1 ||     1
Armor: Leather armour    |     9 |     4 ||    13
       Skin              |       |    11 ||    11
Dodge: Dodged            |    27 |    15 ||    42

Table legend: (Time is in decaauts)
 A = Elapsed time spent in this place.
 B = Non-inter-level travel time spent in this place.
 C = Inter-level travel time spent in this place.
 D = Time resting spent in this place.
 E = Time spent auto-exploring this place.
 F = Levels seen in this place.
 G = Mean time per level.
                   A        B        C        D        E       F      G
               +--------+--------+--------+--------+--------+-----+--------+
         Total |   1870 |   1854 |     16 |      0 |   1634 |   2 |  935.0 |
       Dungeon |   1870 |   1854 |     16 |      0 |   1634 |   2 |  935.0 |
               +--------+--------+--------+--------+--------+-----+--------+

Top non-repeatable levels by time:
     D:1: 988 daAuts
     D:2: 881 daAuts
